 Dungeon Crawl Stone Soup version 0.22.1-1-ga44c0e56f4 (webtiles) character file.

350 Peloso the Slasher (level 6, -24/53 HPs)
             Began as a Minotaur Fighter on Oct 5, 2018.
             Annihilated by an ogre
             ... wielding a +0 giant club
              (26 damage)
             ... on level 5 of the Dungeon.
             The game lasted 00:05:42 (3269 turns).

Peloso the Slasher (Minotaur Fighter)               Turns: 3269, Time: 00:05:43

Health: -24/53     AC:  9    Str: 21    XL:     6   Next: 33%
Magic:  5/5        EV:  6    Int:  5    God:
Gold:   257        SH: 10    Dex: 11    Spells: 5/5 levels left

rFire    . . .     SeeInvis .   a - +0 long sword
rCold    . . .     Gourm    .   c - +0 shield
rNeg     . . .     Faith    .   b - +0 chain mail
rPois    .         Spirit   .   (helmet restricted)
rElec    .         Reflect  .   (no cloak)
rCorr    .         Harm     .   (no gloves)
MR       .....                  (no boots)
Stlth    ..........             (no amulet)
HPRegen  0.17/turn              (no ring)
MPRegen  0.09/turn              (no ring)

@: drained
A: retaliatory headbutt, horns 2
a: no special abilities


You were on level 5 of the Dungeon.
You were hungry.

You visited 1 branch of the dungeon, and saw 5 of its levels.

You collected 257 gold pieces.

Inventory:

Hand Weapons
 a - a +0 long sword (weapon)
 m - a +4 spear
Armour
 b - a +0 chain mail (worn)
 c - a +0 shield (worn)
Wands
 o - a wand of digging (6)
 t - a wand of enslavement (13)
Scrolls
 e - 2 scrolls of amnesia {unknown}
 h - 3 scrolls of remove curse {unknown}
 k - 8 scrolls of identify {unknown}
 n - 2 scrolls of teleportation {unknown}
 p - a scroll of fog {unknown}
 r - 2 scrolls of enchant weapon {unknown}
 s - a scroll of blinking {unknown}
Potions
 d - 2 potions of might
 g - a potion of haste {unknown}
 i - a potion of lignification {unknown}
 j - 4 potions of degeneration {unknown}
 l - a potion of invisibility {unknown}
Comestibles
 f - 7 rations


   Skills:
 + Level 4.5 Fighting
 + Level 5.3 Long Blades
 + Level 5.0 Armour
 + Level 1.2 Dodging
 + Level 0.2 Stealth
 + Level 5.2(5.1) Shields


You had 5 spell levels left.
You didn't know any spells.
Your spell library contained the following spells:

 Spells                   Type           Power        Failure   Level  Hunger
 Confusing Touch          Hex            #.....       100%        1    ##.....
 Confuse                  Hex            #.......     100%        3    ####...
 Gell's Gravitas          Tloc           #.........   100%        3    ####...
 Petrify                  Tmut/Erth      #.......     100%        4    #####..
 Metabolic Englaciation   Hex/Ice        #.........   100%        5    ######.
 Yara's Violent Unravell  Hex/Tmut       #.........   100%        5    ######.


Dungeon Overview and Level Annotations

Branches:
Dungeon (5/15)
 Temple: D:4-7

Altars:

Annotations:
D:3 3 runed doors, PeterQ's ghost, novice KoEn


Innate Abilities, Weirdness & Mutations

You reflexively headbutt those who attack you in melee.
You have a pair of horns on your head.


Message History

The ogre resists with some effort.
Evoke which item? (* to show all) (? for menu, Esc to quit)
Aiming: Enslavement
Press: ? - help, Shift-Dir - straight line, f/p - ogre
Aim: an ogre, wielding a giant club (chance to defeat MR: 46%)
The ogre resists with some effort.
You hit the ogre. Your headbutt misses the ogre.
The ogre is lightly wounded.
The ogre hits you with a giant club!
You hit the ogre.
The ogre is moderately wounded.
The ogre hits you with a giant club!
You hit the ogre.
The ogre is moderately wounded.
The ogre hits you with a giant club!!
* * * LOW HITPOINT WARNING * * *
You completely miss the ogre. You headbutt the ogre.
The ogre is heavily wounded.
The ogre hits you with a giant club!!
You die...

#.........#
###.........#
+...........#
..###.........#
..............#
[.###.........#
###<#####.# #.#
#.# #.# #@# #.#
#O# #.# #.#
........#
#########


You could see an ogre.

Vanquished Creatures
  A centaur (D:4)
  A hound (D:4)
  2 orc wizards (D:4)
  7 adders
  2 oozes (D:2)
  2 worms
  4 dart slugs
  A leopard gecko (D:2)
  8 orcs (D:4)
  A ball python (D:2)
  11 bats
  3 giant cockroaches
  10 goblins
  12 hobgoblins
  7 jackals
  7 kobolds
  8 frilled lizards
  14 rats
101 creatures vanquished.

Notes
Turn   | Place    | Note
-------+----------+-------------------------------------------
     0 | D:1      | Peloso the Minotaur Fighter began the quest for the Orb.
     0 | D:1      | Reached XP level 1. HP: 19/19 MP: 0/0
   108 | D:1      | Reached XP level 2. HP: 27/27 MP: 1/1
   493 | D:1      | Reached XP level 3. HP: 32/33 MP: 2/2
  1030 | D:2      | Reached XP level 4. HP: 40/40 MP: 3/3
  1804 | D:3      | Found a runed gate.
  1805 | D:3      | Found a runed gate.
  1805 | D:3      | Noticed PeterQ's ghost (novice KoEn)
  1806 | D:3      | Found a runed gate.
  1922 | D:3      | Reached XP level 5. HP: 29/46 MP: 4/4
  2299 | D:4      | Reached skill level 1 in Dodging
  2712 | D:4      | Noticed a centaur
  2718 | D:4      | Killed a centaur
  2718 | D:4      | Reached skill level 5 in Long Blades
  2718 | D:4      | Reached XP level 6. HP: 35/53 MP: 5/5
  2754 | D:4      | Reached skill level 5 in Shields
  2897 | D:4      | Reached skill level 5 in Armour
  3248 | D:5      | Entered Level 5 of the Dungeon
  3268 | D:5      | HP: 2/53 [ogre/giant club (26)]
  3269 | D:5      | Annihilated by an ogre

Skill      XL: |  1  2  3  4  5  6 |
---------------+-------------------+-----
Long Blades    | 3 4 5 |  5.3
Shields        | 4 5 |  5.2
Fighting       | 4 |  4.5
Armour         | 4 5 |  5.0
Dodging        | 1 |  1.2
Stealth        | |  0.2

Action                   |  1- 3 |  4- 6 || total
-------------------------+-------+-------++-------
Melee: Long sword        |    93 |   144 ||   237
       Headbutt          |    14 |    32 ||    46
Evoke: Wand              |       |     2 ||     2
  Eat: Chunk             |       |     7 ||     7
Armor: Scale mail        |    54 |    62 ||   116
       Chain mail        |       |    17 ||    17
Dodge: Dodged            |    42 |    49 ||    91
Block: Shield            |    53 |    94 ||   147
       Rpst.: Long sword |     9 |    14 ||    23
